 Dungeon Crawl Stone Soup version 0.31-a0-988-g08d55dae12 (webtiles) character file.

Game seed: 3052976153755205748

1451 senseless the Chopper (level 8, -5/73 HPs)
             Began as a Hill Orc Fighter on Nov 4, 2023.
             Was a Follower of Okawaru.
             Killed from afar by a steam dragon (15 damage)
             ... with a ball of steam
             ... on level 6 of the Dungeon.
             The game lasted 00:09:07 (4980 turns).

senseless the Chopper (Hill Orc Fighter)            Turns: 4980, Time: 00:09:08

Health: -5/73      AC: 13    Str: 21    XL:     8   Next: 75%
Magic:  8/8        EV:  9    Int:  8    God:    Okawaru [*.....]
Gold:   255        SH:  5    Dex: 10    Spells: 7/7 levels left

rFire   . . .        a - +0 war axe
rCold   . . .        c - +0 buckler
rNeg    . . .        b - +0 scale mail
rPois   .            e - +0 helmet
rElec   .            w - scarf {+Inv}
rCorr   .            (no gloves)
SInv    +            (no boots)
Will    .....        (no amulet) Stlth
                     n - ring of see invisible
HPRegen 0.32/turn    x - +4 ring of protection
MPRegen 0.11/turn

%: no passive effects
@: no status effects
A: no striking features
a: Renounce Religion, Evoke Invisibility, Heroism


You were on level 6 of the Dungeon.
You worshipped Okawaru.
Okawaru was aware of your devotion.
You visited 2 branches of the dungeon, and saw 7 of its levels.

You collected 255 gold pieces.

Inventory:

Hand Weapons
 a - a +0 war axe (weapon)
Armour
 b - a +0 scale mail (worn)
 c - a +0 buckler (worn)
 e - a +0 helmet (worn)
 t - the +0 ring mail "Lomapt" {+Blink Int+4}
   (You found it on level 4 of the Dungeon)

   Int+4:     It affects your intelligence (+4).
   +Blink:    It lets you blink.
 w - a scarf of invisibility (worn)
Jewellery
 n - a ring of see invisible (left hand)
 x - a +4 ring of protection (right hand)
Wands
 o - a wand of acid (4)
 y - a wand of flame (23) (quivered)
Scrolls
 f - a scroll of poison {unknown}
 h - 7 scrolls of identify {unknown}
 i - 5 scrolls of teleportation {unknown}
 j - a scroll of immolation {unknown}
 p - a scroll of fear {unknown}
 q - a scroll of enchant armour {unknown}
 r - 4 scrolls of amnesia {unknown}
 u - a scroll of revelation {unknown}
 v - a scroll of vulnerability {unknown}
Potions
 d - 3 potions of might
 g - 2 potions of degeneration {unknown}
 k - a potion of curing
 l - 2 potions of mutation {unknown}
 m - a potion of invisibility {unknown}
 s - a potion of magic {unknown}
 z - a potion of attraction {unknown}


   Skills:
 + Level 7.3 Fighting
 + Level 7.4 Axes
 + Level 6.6 Armour
 + Level 6.6 Shields


You had 7 spell levels left.
You didn't know any spells.
Your spell library contained the following spells:

 Spells                   Type           Power      Damage    Failure   Level
 Wereblood                Tmut           0%         N/A       89%         2
 Irradiate                Conj/Tmut      0%         3d11      100%        5


Dungeon Overview and Level Annotations

Branches:
Dungeon (6/15)             Temple (1/1) D:4

Altars:
Ashenzari
Cheibriados
Dithmenos
Elyvilon
Fedhas
Gozag
Hepliaklqana
Okawaru
Qazlal
Ru
Trog
Uskayaw
Vehumet
Wu Jian
Xom
Yredelemnul
The Shining One

Annotations:
D:6 3 runed translucent doors, Pim's ghost, novice OpVM


Message History

You are lethally poisoned!
The water moccasin poisons you!
It was a potion of curing.
You feel better.
The water moccasin is engulfed in a cloud of scalding steam.
The water moccasin barely misses you.
The gnoll is engulfed in a cloud of scalding steam.
You block the gnoll's attack.
The water moccasin attacks as it pursues you!
The water moccasin bites you but does no damage.
The water moccasin bites you.
* * * LOW HITPOINT WARNING * * *
You completely miss the gnoll.
The gnoll is severely wounded.
You hit the water moccasin. The gnoll hits you but does no damage.
The water moccasin bites you but does no damage.
You hit the gnoll.
The gnoll is severely wounded.
You barely miss the water moccasin. The water moccasin bites you.
* * * LOW HITPOINT WARNING * * *
The water moccasin completely misses you.
You hit the steam dragon.
The steam dragon is lightly wounded.
You miss the water moccasin. The water moccasin closely misses you.
The steam dragon closely misses you. You block the steam dragon's attack.
You barely miss the steam dragon.
The steam dragon is lightly wounded.
You closely miss the gnoll. You miss the water moccasin.
The water moccasin bites you.
* * * LOW HITPOINT WARNING * * *
You are lethally poisoned!
The water moccasin poisons you! You block the water moccasin's attack.
The steam dragon barely misses you. The steam dragon claws you.
* * * LOW HITPOINT WARNING * * *
You block the gnoll's attack.
You feel better.
The water moccasin bites you but does no damage.
A gnoll bouda comes into view. It is wielding a +0 club.
The steam dragon breathes steam at you. The ball of steam hits you!
You die...

..... ........## .... ....)....^
...# ###..###... . #.. .g... #...
...####.##......# #...
#...)).)......###...
##..##.)).##..........
#..##DSg)....#..###...
#.##.@gg..####........
###.#.......# #......#..
#......#....###......###
##...#..##.####..........
###...#..###.####...#######
#####.......## #.##.....#$..[.(
#.....####### ##.#......#((....
##.##### #..[.†....#....♣.
##..#############†...#.####..♣...


You could see a steam dragon (catching breath), a water moccasin, a gnoll bouda
(wandering) and 3 gnolls.

Vanquished Creatures
  Menkaure (D:4)
  An ice beast (D:5)
  2 black bears
  An ogre (D:4)
  A phantom (D:4)
  2 scorpions
  2 hounds (D:4)
  3 jellies
  2 orc priests
  7 iguanas
  3 orc wizards (D:4)
  A sleepcap (D:5)
  9 adders
  12 gnolls
  A white imp (D:6)
  2 worms
  2 dart slugs
  16 orcs
  An endoplasm (D:4)
  3 giant cockroaches
  A goblin (D:2)
  A hobgoblin (D:3)
  A quokka (D:1)
  9 ball pythons
  6 bats
  15 frilled lizards
  5 kobolds
  7 rats
117 creatures vanquished.

Vanquished Creatures (others)
  A gnoll (D:6)
1 creature vanquished.

Grand Total: 118 creatures vanquished

Notes
Turn   | Place    | Note
-------+----------+-------------------------------------------
     0 | D:1      | senseless the Hill Orc Fighter began the quest for the Orb.
     0 | D:1      | Reached XP level 1. HP: 19/19 MP: 1/1
   154 | D:1      | Reached XP level 2. HP: 25/27 MP: 2/2
   719 | D:2      | Reached XP level 3. HP: 28/33 MP: 3/3
   776 | D:2      | Reached XP level 4. HP: 24/40 MP: 4/4
  1434 | D:3      | Found a shadowy altar of Dithmenos.
  1531 | D:3      | Reached XP level 5. HP: 38/47 MP: 5/5
  1843 | D:3      | Found a snail-covered altar of Cheibriados.
  2327 | D:4      | Identified the +0 ring mail "Lomapt" {+Blink Int+4}
  2341 | D:4      | Reached skill level 5 in Fighting
  2417 | D:4      | Reached XP level 6. HP: 56/56 MP: 6/6
  2669 | D:4      | Reached skill level 5 in Axes
  2677 | D:4      | Reached skill level 5 in Armour
  2677 | D:4      | Reached skill level 5 in Shields
  2677 | D:4      | Reached XP level 7. HP: 18/61 MP: 7/7
  3072 | D:4      | Found a staircase to the Ecumenical Temple.
  3212 | D:4      | Noticed Menkaure
  3215 | D:4      | Killed Menkaure
  3532 | Temple   | Entered the Ecumenical Temple
  3550 | Temple   | Became a worshipper of Warmaster Okawaru
  3604 | D:5      | Entered Level 5 of the Dungeon
  3694 | D:5      | Reached XP level 8. HP: 63/71 MP: 8/8
  4789 | D:6      | Reached * piety under Okawaru
  4841 | D:6      | Found a runed translucent gate.
  4843 | D:6      | Found a runed translucent gate.
  4843 | D:6      | Found a runed translucent gate.
  4849 | D:6      | Noticed Pim's ghost (novice OpVM)
  4980 | D:6      | Killed from afar by a steam dragon

Illustrated notes

Levels and vault maps discovered:
D:1:      saegor_arrival_fortress, layout_basic, minivault_24,
          corexii_hall_statues_i
D:2:      layout_loops_ring
D:3:      layout_loops_ring, nicolae_dithmenos_through_a_glass_darkly,
          cheibriados_altar_1, nicolae_concentric_dashed_squares_mild,
          eino_tiny_chamber, st_stairs_4, minmay_lizard_king
D:4:      layout_basic, minmay_temple_entry_nine_rooms, nicolae_the_louvre,
          uniq_menkaure
D:5:      layout_loops_ring
D:6:      layout_rooms, ebering_ghost_rock_garden
Temple:   bh_familiar_temple

Skill      XL: |  1  2  3  4  5  6  7  8 |
---------------+-------------------------+-----
Axes           | 3 4 5 6 7 |  7.4
Fighting       | 4 5 6 7 |  7.3
Armour         | 4 5 6 |  6.6
Shields        | 4 5 6 |  6.6

Action                     |  1- 3 |  4- 6 |  7- 9 || total
---------------------------+-------+-------+-------++-------
  Melee: War axe           |    74 |   172 |   137 ||   383
  Evoke: Wand              |       |       |     7 ||     7
    Use: Potion            |       |       |     2 ||     2
 Armour: Scale mail        |    53 |   142 |   130 ||   325
  Dodge: Dodged            |    37 |    83 |    63 ||   183
  Block: Buckler           |    22 |    34 |    33 ||    89

Table legend: (Time is in decaauts)
 A = Elapsed time spent in this place.
 B = Non-inter-level travel time spent in this place.
 C = Inter-level travel time spent in this place.
 D = Time resting spent in this place.
 E = Time spent auto-exploring this place.
 F = Levels seen in this place.
 G = Mean time per level.
                   A        B        C        D        E       F      G
               +--------+--------+--------+--------+--------+-----+--------+
         Total |   5091 |   4818 |    273 |      0 |   3977 |   7 |  727.3 |
       Dungeon |   5055 |   4815 |    240 |      0 |   3977 |   6 |  842.5 |
        Temple |     35 |      2 |     33 |      0 |      0 |   1 |   35.0 |
               +--------+--------+--------+--------+--------+-----+--------+

Top non-repeatable levels by time:
     D:4: 1271 daAuts
     D:5: 969 daAuts
     D:3: 910 daAuts
     D:2: 784 daAuts
     D:1: 693 daAuts
     D:6: 426 daAuts
  Temple: 35 daAuts
